 Dungeon Crawl Stone Soup version 0.27.0-1-g7a089689b8 (webtiles) character file.

Game seed: 14049348409100852054

7607 DocSulfur the Grappler (level 10, -8/99 HPs)
             Began as a Troll Fire Elementalist on Aug 9, 2021.
             Was a High Priest of Hepliaklqana.
             Mangled by an orc warrior (11 damage)
             ... while paralysed by an orc priest
             ... on level 10 of the Dungeon.
             The game lasted 00:17:09 (7604 turns).

DocSulfur the Grappler (Troll Fire Elementalist)    Turns: 7604, Time: 00:17:10

Health: -8/99      AC:  4    Str: 27    XL:     10   Next: 98%
Magic:  19/19      EV:  1    Int: 17    God:    Hepliaklqana [*****.]
Gold:   263        SH:  0    Dex: 10    Spells: 10/11 levels left

rFire    + . .     SeeInvis .     - Unarmed
rCold    . . .     Faith    .   (no shield)
rNeg     . . .     Spirit   .   a - +0 robe
rPois    .         Reflect  .   x - +0 hat "Suag" {rElec rF+ Int+6}
rElec    +         Harm     .   (no cloak)
rCorr    .         Rampage  .   (gloves unavailable)
Will     .....                  (boots unavailable)
Stlth    +.........             (no amulet)
HPRegen  1.26/turn              m - ring of magical power
MPRegen  0.16/turn              r - +6 ring of strength

@: paralysed
A: reduced essence, large, unfitting armour, claws 3, regeneration 1, shaggy fur
1, tough skin 1
a: Renounce Religion, Recall Ancestor, Ancestor Identity, Transference, Idealise


You were on level 10 of the Dungeon.
You worshipped Hepliaklqana.
Hepliaklqana was extremely pleased with you.
You visited 1 branch of the dungeon, and saw 10 of its levels.

You collected 551 gold pieces.
You spent 288 gold pieces at shops.

Inventory:

Hand Weapons
 A - a +0 short sword
 B - the +6 war axe "Fofel" {vorpal, rF+}
   (You found it on level 10 of the Dungeon)

   It inflicts extra damage upon your enemies.
   rF:        It protects you from fire.
Missiles
 o - 7 poisoned darts (quivered)
 y - a throwing net
Armour
 a - a +0 robe (worn)
 x - the +0 hat "Suag" (worn) {rElec rF+ Int+6}
   (You bought it in a shop on level 7 of the Dungeon)

   Int:       It affects your intelligence (+6).
   rF:        It protects you from fire.
   rElec:     It insulates you from electricity.
Jewellery
 m - a ring of magical power (left claw)
 r - a +6 ring of strength (right claw)
 v - a ring of positive energy
Wands
 q - a wand of flame (32)
 t - a wand of mindburst (10)
Scrolls
 b - 4 scrolls of noise {unknown}
 c - 3 scrolls of enchant armour {unknown}
 d - 2 scrolls of magic mapping {unknown}
 e - 3 scrolls of immolation {unknown}
 j - 10 scrolls of identify {unknown}
 k - 3 scrolls of teleportation {unknown}
 p - 2 scrolls of fog {unknown}
 s - a scroll of holy word {unknown}
 u - 3 scrolls of amnesia {unknown}
 w - a scroll of silence {unknown}
 z - 2 scrolls of vulnerability {unknown}
 C - a scroll of blinking {unknown}
Potions
 f - 3 potions of mutation {unknown}
 g - 3 potions of resistance {unknown}
 h - 2 potions of degeneration
 i - 3 potions of might {unknown}
 l - 7 potions of curing
 n - 2 potions of attraction {unknown}
 D - a potion of berserk rage {unknown}


   Skills:
 + Level 10.0 Fighting
 - Level 1.5 Dodging
 - Level 1.0 Stealth
 + Level 11.7 Unarmed Combat
 - Level 1.2 Spellcasting
 - Level 0.6 Conjurations
 - Level 2.1 Fire Magic


You had 10 spell levels left.
You knew the following spells:

 Your Spells              Type           Power      Damage    Failure   Level
a - Foxfire               Conj/Fire      20%        2x1d5     12%         1

Your spell library contained the following spells:

 Spells                   Type           Power      Damage    Failure   Level
 Conjure Flame            Conj/Fire      5%         6-21      34%         3
 Inner Flame              Hex/Fire       4%         N/A       38%         3
 Gell's Gravitas          Tloc           0%         N/A       54%         3
 Ozocubu's Armour         Ice            1%         N/A       54%         3
 Teleport Other           Tloc           1%         N/A       54%         3
 Sticky Flame             Conj/Fire      5%         2d3       75%         4
 Cause Fear               Hex            0%         N/A       91%         4
 Fireball                 Conj/Fire      2%         3d4       97%         5
 Dispersal                Tloc           0%         N/A       100%        6
 Ozocubu's Refrigeration  Ice            0%         4d5       100%        7
 Discord                  Hex            0%         N/A       100%        8


Dungeon Overview and Level Annotations

Branches:
Dungeon (10/15)            Temple (0/1) D:5
   Lair: D:8-11         Orc: D:9-12

Altars:
Ashenzari
Dithmenos
Elyvilon
Fedhas
Hepliaklqana
Kikubaaqudgha
Makhleb
Okawaru
Sif Muna
Trog
Wu Jian

Shops:
D:7 [   D:9 [*

Annotations:
D:9 3 runed translucent doors, Unholydonuts's ghost, journeyman MiBe


Innate Abilities, Weirdness & Mutations

Your life essence is reduced to manifest your ancestor. (-10% HP)
You are too large for most types of armour.
You have claws for hands.
Your natural rate of healing is unusually fast.
You are covered in fur. (AC +1)
You have tough skin. (AC +1)


Message History

a +0 halberd; a +0 plate armour; an orc corpse What are your orders? t - Shout!
Orders for allies: a - Attack new target. r - Retreat! s - Stop attacking. g - Guard the area. f - Follow me.
Anything else - Cancel.
Gang up on whom?
Press: ? - help, Dir - move target, f - orc warrior
Aim: an orc warrior, wielding a +0 glaive and wearing a +0 chain mail (ally target) Attack!
Kangaxx points at the orc warrior and mumbles some strange words.
The puff of frost hits the orc warrior!
The orc warrior hits Kangaxx with a +0 glaive!!
The orc priest looks satisfied for a moment.
Kangaxx casts a spell at the orc warrior.
The puff of frost hits the orc warrior!
The orc warrior hits Kangaxx with a +0 glaive!
Kangaxx is destroyed!
The orc warrior shouts!
The orc priest zaps a wand.
You suddenly lose the ability to move!
The orc warrior completely misses you.
The orc warrior hits you from afar with a +0 glaive!!
The orc warrior hits you from afar with a +0 glaive!
The orc warrior hits you from afar with a +0 glaive!!
* * * LOW HITPOINT WARNING * * *
You can move again.
The orc priest zaps a wand.
You easily resist.
You feel better.
The orc warrior hits you from afar with a +0 glaive.
The orc warrior closely misses you.
The orc priest zaps a wand.
You suddenly lose the ability to move!
The orc warrior hits you from afar with a +0 glaive.
The orc warrior hits you from afar with a +0 glaive!!
* * * LOW HITPOINT WARNING * * *
The orc priest calls down the wrath of Beogh upon you.
Pain shoots through your body!
* * * LOW HITPOINT WARNING * * *
The orc warrior hits you from afar with a +0 glaive!
You die...

################
######..............#
................@...#
.≈≈≈≈≈.≈≈≈≈≈.≈≈≈≈≈..#
.≈###≈.≈###≈.≈###≈oo#
(≈# #≈.≈# #≈.≈# #≈..#
.≈###≈.≈# #≈.≈###≈..#
.≈≈≈≈≈.≈≈≈≈≈.≈≈≈≈≈..#
....................#
.≈≈≈≈≈.≈≈≈≈≈.≈≈≈≈≈..#
.≈###≈.≈ ≈.≈###≈).#


You could see an orc warrior and an orc priest.

Vanquished Creatures
  A two-headed ogre (D:9)
  2 ugly things (D:9)
  A manticore (D:9)
  Grinder (D:3)
  A meliai zombie (D:10)
  Edmund (D:6)
  2 water moccasins
  An ice beast (D:5)
  An orc warrior (D:9)
  A necrophage (D:6)
  An ogre (D:8)
  3 black bears
  3 centaurs
  2 phantoms
  A kobold brigand (D:9)
  A bullfrog (D:8)
  A gnoll sergeant (D:7)
  A wyvern zombie (D:7)
  A scorpion (D:3)
  A water moccasin skeleton (D:7)
  5 killer bees (D:9)
  A wight (D:9)
  A howler monkey (D:10)
  3 electric eels (D:10)
  A centaur zombie (D:8)
  A hound (D:4)
  4 orc priests
  2 jellies
  2 orc wizards
  A hound zombie (D:5)
  2 howler monkey zombies
  4 adders
  5 gnolls
  A shadow imp (D:5)
  2 white imps
  An ufetubus (D:6)
  A worm (D:2)
  2 dart slugs (D:3)
  30 orcs
  6 bats
  6 endoplasms
  3 giant cockroaches
  A goblin (D:1)
  10 hobgoblins
  8 kobolds
  2 quokkas
  7 ball pythons
  2 frilled lizards
  A quokka skeleton (D:4)
  6 rats
148 creatures vanquished.

Vanquished Creatures (collateral kills)
  Pikel (D:7)
  Joseph (D:7)
  An elephant (shapeshifter) (D:10)
  A troll (D:10)
  Eustachio (D:5)
  2 water moccasins
  An orc warrior (D:10)
  An ice beast (D:8)
  An ogre (D:7)
  A centaur (D:10)
  2 lemures (D:7)
  A bullfrog (D:6)
  A scorpion (D:4)
  3 killer bees (D:9)
  2 wights (D:9)
  A howler monkey (D:9)
  2 hounds (D:5)
  A centaur zombie (D:7)
  2 orc priests
  An iguana (D:5)
  4 orc wizards
  5 adders
  3 gnolls
  A worm (D:4)
  11 orcs
  A ball python (D:3)
  2 endoplasms (D:4)
  5 kobolds
  A frilled lizard (D:2)
60 creatures vanquished.

Vanquished Creatures (others)
  5 battlemagi
  2 ancestors
  11 foxfires (D:3)
18 creatures vanquished.

Grand Total: 226 creatures vanquished

Notes
Turn   | Place    | Note
-------+----------+-------------------------------------------
     0 | D:1      | DocSulfur the Troll Fire Elementalist began the quest for
                  | the Orb.
     0 | D:1      | Reached XP level 1. HP: 16/16 MP: 1/1
   105 | D:1      | Found a faded altar of an unknown god.
   164 | D:1      | Became a worshipper of Hepliaklqana the Forgotten
   164 | D:1      | Reached * piety under Hepliaklqana
   328 | D:1      | Reached skill level 1 in Unarmed Combat
   373 | D:1      | Reached XP level 2. HP: 23/23 MP: 2/2
   392 | D:1      | Reached skill level 1 in Fighting
  1034 | D:2      | Reached skill level 2 in Unarmed Combat
  1034 | D:2      | Reached XP level 3. HP: 26/29 MP: 3/3
  1528 | D:3      | Found a blossoming altar of Fedhas.
  1528 | D:3      | Reached ** piety under Hepliaklqana
  1590 | D:3      | Reached XP level 4. HP: 36/37 MP: 4/4
  1742 | D:3      | Noticed a scorpion
  1755 | D:3      | Killed a scorpion
  1756 | D:3      | Reached skill level 3 in Unarmed Combat
  1756 | D:3      | Reached XP level 5. HP: 9/45 MP: 5/5
  1840 | D:3      | Noticed Grinder
  1886 | D:3      | Paralysed by Grinder for 7 turns
  1899 | D:3      | Killed Grinder
  1900 | D:3      | Reached skill level 4 in Unarmed Combat
  1900 | D:3      | Reached XP level 6. HP: 54/54 MP: 6/6
  2000 | D:3      | Remembered your ancestor Kangaxx as a battlemage
  2152 | D:3      | Found a broken altar of Ashenzari.
  2430 | D:4      | Found a shimmering blue altar of Sif Muna.
  2446 | D:4      | Reached skill level 5 in Unarmed Combat
  2591 | D:4      | Reached XP level 7. HP: 54/63 MP: 7/7
  2687 | D:4      | Found an ancient bone altar of Kikubaaqudgha.
  2784 | D:4      | Found an iron altar of Okawaru.
  2784 | D:4      | Found a white marble altar of Elyvilon.
  2945 | D:5      | Entered Level 5 of the Dungeon
  3260 | D:5      | Noticed Eustachio
  3268 | D:5      | Killed Eustachio
  3269 | D:5      | Reached skill level 5 in Fighting
  3269 | D:5      | Reached skill level 6 in Unarmed Combat
  3304 | D:5      | Reached *** piety under Hepliaklqana
  3362 | D:5      | You fall into a shaft and drop 2 floors!
  3363 | D:7      | Found Bemmej's Antique Armour Boutique.
  3376 | D:6      | Reached XP level 8. HP: 67/72 MP: 8/8
  3438 | D:6      | Found a shadowy altar of Dithmenos.
  3442 | D:6      | Found a hazy altar of Hepliaklqana.
  3560 | D:6      | Reached skill level 7 in Unarmed Combat
  3607 | D:6      | Found the +8 glaive of the Guard {elec, spectral, AC+5}
  3614 | D:6      | Noticed Edmund
  3629 | D:6      | Killed Edmund
  4222 | D:5      | Reached skill level 8 in Unarmed Combat
  4232 | D:5      | Found a staircase to the Ecumenical Temple.
  4596 | D:7      | Reached **** piety under Hepliaklqana
  4684 | D:7      | Found a burning altar of Makhleb.
  4778 | D:7      | Noticed Joseph
  4899 | D:7      | Killed Joseph
  4900 | D:7      | Reached XP level 9. HP: 67/83 MP: 9/9
  5110 | D:7      | Noticed Pikel
  5121 | D:7      | Killed Pikel
  5122 | D:7      | Reached skill level 9 in Unarmed Combat
  5553 | D:7      | Found an ornate altar of the Wu Jian Council.
  6022 | D:8      | Reached skill level 10 in Unarmed Combat
  6136 | D:7      | Bought a translucent hat for 288 gold pieces
  6136 | D:7      | Identified the +0 hat "Suag" {rElec rF+ Int+6} (You bought
                  | it in a shop on level 7 of the Dungeon)
  6290 | D:9      | Noticed a two-headed ogre
  6300 | D:9      | Killed a two-headed ogre
  6301 | D:9      | Reached XP level 10. HP: 68/95 MP: 10/10
  6556 | D:9      | Found a bloodstained altar of Trog.
  6602 | D:9      | Found Set Hanu's Armour Shop.
  6666 | D:9      | Reached ***** piety under Hepliaklqana
  6746 | D:9      | Found Ofyinwuq's Assorted Antiques.
  6784 | D:9      | Found a runed translucent gate.
  6784 | D:9      | Found a runed translucent gate.
  6785 | D:9      | Found a runed translucent gate.
  6789 | D:9      | Noticed Unholydonuts's ghost (journeyman MiBe)
  7014 | D:9      | Noticed a manticore
  7024 | D:9      | Killed a manticore
  7025 | D:9      | Reached skill level 11 in Unarmed Combat
  7180 | D:10     | Entered Level 10 of the Dungeon
  7180 | D:10     | Noticed a two-headed ogre
  7185 | D:10     | Identified the +6 war axe "Fofel" {vorpal, rF+}
  7198 | D:9      | Noticed a green ugly thing
  7208 | D:9      | Noticed a cyan ugly thing
  7287 | D:9      | Noticed an elephant
  7293 | D:10     | Killed an elephant
  7351 | D:9      | Killed a cyan ugly thing
  7390 | D:9      | Killed a green ugly thing
  7518 | D:10     | Reached skill level 10 in Fighting
  7587 | D:10     | Paralysed by an orc priest for 6 turns
  7601 | D:10     | Paralysed by an orc priest for 7 turns
  7603 | D:10     | HP: 2/99 [orc priest/nerve-wracking pain (14)]
  7604 | D:10     | Mangled by an orc warrior

Illustrated notes

Levels and vault maps discovered:
D:1:      dpeg_arrival_signposts, layout_basic,
          dreamdust_ecumenical_altar_angels_and_demons, minmay_split_cup_large
D:2:      layout_basic
D:3:      layout_rooms, mainiacjoe_overflow_tiny_flanked, lemuel_doored_altar,
          chequers_arboretum, supply_closet_lemuel, st_stairs_2,
          chequers_serial_rivers_large_b, uniq_grinder
D:4:      layout_loops_ring, kennysheep_little_box,
          nicolae_sif_muna_condensation, gammafunk_temple_overflow_wave
D:5:      layout_loops_cross, uniq_eustachio
D:6:      layout_loops_cross, riverfiend_overflow_shadow_ancestor, uniq_edmund
D:7:      layout_basic, nzn_wu_jian_council_hall, marbit_many_paths,
          serial_shops, shop_fountains, uniq_joseph, uniq_pikel
D:8:      layout_rooms, special_room [special_room_orc]
D:9:      cheibrodos_elevator_heist, layout_stronghold, trog_ov_bears_minmay,
          gammafunk_ghost_spectres, serial_shops, shop, shop
D:10:     layout_rooms, jmf_multi_god_temple2, serial_rivers,
          chequers_serial_rivers_micro_e, chequers_serial_rivers_micro_e,
          chequers_serial_rivers_micro_b, chequers_serial_rivers_large_a,
          kennysheep_boxes

Skill      XL: |  1  2  3  4  5  6  7  8  9 10 |
---------------+-------------------------------+-----
Unarmed Combat | 1 2 3 4 5 6 8 10 11 | 11.7
Fighting       | 1 2 3 4 5 7 8 10 | 10.0
Dodging        | |  1.5
Stealth        | |  1.0
Spellcasting   | |  1.2
Conjurations   | |  0.6
Fire Magic     | |  2.1

Action                   |  1- 3 |  4- 6 |  7- 9 | 10-12 || total
-------------------------+-------+-------+-------+-------++-------
Melee: Unarmed           |   112 |    72 |   253 |    64 ||   501
       Punch             |       |       |     9 |     2 ||    11
Throw: Dart              |       |       |     1 |    15 ||    16
 Cast: Foxfire           |     1 |     7 |       |       ||     8
Invok: Ancestor Identity |     1 |       |       |       ||     1
       Ancestor Life: Ba |       |     1 |       |       ||     1
       Recall Ancestor   |       |       |     1 |     1 ||     2
Evoke: Wand              |       |       |     5 |     5 ||    10
  Use: Potion            |       |     1 |       |     1 ||     2
 Stab: Sleeping          |     4 |     2 |     4 |       ||    10
       Distracted        |       |       |     2 |     1 ||     3
Armor: Robe              |    48 |    21 |    37 |    24 ||   130
Dodge: Dodged            |    54 |    28 |    86 |    53 ||   221
